 Dungeon Crawl Stone Soup version 0.30-a0-465-g8901f6c8b5 (webtiles) character file.

Game seed: 15469610577844225103

6944 ERVERSIR the Covert (level 11, -3/83 HPs)
             Began as a Gnoll Wanderer on Dec 18, 2022.
             Was an Elder of Nemelex Xobeh.
             Killed from afar by a gargoyle (24 damage)
             ... with a stone arrow
             ... on level 11 of the Dungeon.
             The game lasted 01:21:39 (7771 turns).

ERVERSIR the Covert (Gnoll Wanderer)                Turns: 7771, Time: 01:21:39

Health: -3/83      AC: 23    Str: 21    XL:     11   Next: 7%
Magic:  0/20       EV: 10    Int: 11    God:    Nemelex Xobeh [****..]
Gold:   492        SH:  7    Dex: 15    Spells: 21/22 levels left

rFire   + . .      SeeInvis .    Q - +5 scimitar
rCold   + . .      Faith    .    d - +1 buckler
rNeg    . . .      Spirit   +    t - +0 chain mail of Xeumy {rF+ Str+2}
rPois   .          Reflect  .    v - +2 helmet
rElec   .          Harm     .    E - +2 cloak
rCorr   .          Rampage  .    y - +2 pair of gloves
Will    .....                    c - +0 pair of boots
Stlth   +.........               J - amulet of guardian spirit
HPRegen 0.33/turn                h - ring of protection from cold
MPRegen 0.17/turn                z - +6 ring of strength

@: unable to read
A: fangs 1, strong nose, distributed training, hooves 1, iridescent scales 1,
inability to read after injury 1
a: Renounce Religion, Draw Escape, Draw Destruction, Draw Summoning, Triple
Draw, Deal Four


You were on level 11 of the Dungeon.
You worshipped Nemelex Xobeh.
Nemelex Xobeh was greatly pleased with you.
You visited 2 branches of the dungeon, and saw 12 of its levels.
You also visited: Sewer.

You collected 515 gold pieces.
You spent 23 gold pieces at shops.

Inventory:

Hand Weapons
 n - a +4 hand axe of electrocution
 q - a +2 dagger of distortion
 u - the +7 dagger of the Chickpea {vorpal, rN+ Str+3 SInv}
   (You found it on level 2 of the Dungeon)

   It inflicts extra damage upon your enemies.
   Str:       It affects your strength (+3).
   rN:        It protects you from negative energy.
   SInv:      It lets you see invisible.
 A - a +1 scimitar of protection
 L - a +1 sling of freezing
 Q - a +5 scimitar (weapon)
Missiles
 s - 71 stones
 G - 26 poisoned darts (quivered)
 M - 2 throwing nets
Armour
 c - a +0 pair of boots (worn)
 d - a +1 buckler (worn)
 t - the +0 chain mail of Xeumy (worn) {rF+ Str+2}
   (You found it on level 2 of the Dungeon)

   Str:       It affects your strength (+2).
   rF:        It protects you from fire.
 v - a +2 helmet (worn)
 y - a +2 pair of gloves (worn)
 E - a +2 cloak (worn)
 H - a +0 plate armour
 S - a +2 scale mail of fire resistance
Magical Staves
 o - a staff of death
 B - a staff of conjuration
 N - a staff of poison
Jewellery
 h - a ring of protection from cold (left hand)
 m - a ring of fire
 z - a +6 ring of strength (right hand)
 J - an amulet of guardian spirit (around neck)
Wands
 T - a wand of iceblast (2)
 U - a wand of paralysis (2)
Scrolls
 e - 3 scrolls of fog
 g - 3 scrolls of blinking
 j - 2 scrolls of identify
 k - 2 scrolls of vulnerability
 l - 2 scrolls of torment
 r - 3 scrolls of enchant armour
 C - 2 scrolls of enchant weapon
 O - 2 scrolls of amnesia
 P - a scroll of magic mapping
 R - 2 scrolls of poison
 V - 2 scrolls of noise {unknown}
 W - a scroll of teleportation
Potions
 a - 2 potions of magic
 b - a potion of haste
 f - 2 potions of degeneration
 i - a potion of lignification {unknown}
 p - a potion of ambrosia
 w - 2 potions of brilliance
 x - 7 potions of curing
 D - a potion of flight
 F - a potion of invisibility
 I - a potion of heal wounds
 K - 3 potions of mutation


   Skills:
 + Level 6.7 Fighting
 + Level 6.1 Short Blades
 + Level 6.1 Long Blades
 + Level 6.1 Axes
 + Level 7.7 Maces & Flails
 + Level 6.1 Polearms
 + Level 6.1 Staves
 + Level 6.1 Ranged Weapons
 + Level 6.1 Throwing
 + Level 6.7 Armour
 + Level 6.1 Dodging
 + Level 8.7 Stealth
 + Level 7.7 Shields
 + Level 6.1 Unarmed Combat
 + Level 6.1 Spellcasting
 + Level 5.1 Conjurations
 + Level 5.1 Hexes
 + Level 5.1 Summonings
 + Level 5.1 Necromancy
 + Level 5.1 Translocations
 + Level 5.1 Transmutations
 + Level 5.1 Fire Magic
 + Level 5.1 Ice Magic
 + Level 5.1 Air Magic
 + Level 5.1 Earth Magic
 + Level 5.1 Poison Magic
 + Level 6.7 Invocations
 + Level 6.7 Evocations


You had 21 spell levels left.
You knew the following spells:

 Your Spells              Type           Power      Damage    Failure   Level
a - Magic Dart            Conj           56%        1d5       24%         1

Your spell library contained the following spells:

 Spells                   Type           Power      Damage    Failure   Level
 Searing Ray              Conj           28%        2d5       34%         2
 Ignite Poison            Fire/Tmut/Pois 14%        N/A       56%         3
 Kindle Blastsparks       Fire/Tloc/Air  28%        2d12      56%         3
 Portal Projectile        Hex/Tloc       28%        N/A       56%         3
 Tukima's Dance           Hex            14%        N/A       56%         3
 Vhi's Electric Charge    Tloc/Air       28%        N/A       56%         3
 Fulminant Prism          Conj/Hex       7%         3d6       93%         4
 Summon Lightning Spire   Summ/Air       14%        N/A       93%         4
 Arcjolt                  Conj/Air       7%         1d17      100%        5
 Blade Hands              Tmut           7%         N/A       100%        5
 Freezing Cloud           Conj/Ice/Air   7%         6-21      100%        5
 Malign Gateway           Summ/Tloc      7%         N/A       100%        7
 Storm Form               Tmut/Air       7%         N/A       100%        7
 Maxwell's Capacitive Co  Air            7%         ∞         100%        8
 Summon Horrible Things   Summ           7%         N/A       100%        8


Dungeon Overview and Level Annotations

Branches:
Dungeon (11/15)            Temple (1/1) D:5           Sewer (visited)
   Lair: D:8-11         Orc: D:9-12

Altars:
Ashenzari
Cheibriados
Dithmenos
Elyvilon
Fedhas
Gozag
Hepliaklqana
Kikubaaqudgha
Makhleb
Nemelex Xobeh
Okawaru
Qazlal
Ru
Sif Muna
Trog
Uskayaw
Vehumet
Wu Jian
Xom
Yredelemnul
Zin
The Shining One

Shops:
D:7 *

Annotations:
D:7 Ijustatesigmund's ghost, novice HOFE
D:10 1 runed translucent door


Innate Abilities, Weirdness & Mutations

You have very sharp teeth.
Your uncanny sense of smell can sniff out nearby items.
Your experience applies equally to all skills.
You have large cloven feet.
You are partially covered in iridescent scales. (AC +2)
You occasionally lose the ability to read scrolls when taking damage.


Message History

The troll bites you. The troll claws you but does no damage.
The troll claws you. The gargoyle hits you with a +0 mace!
The troll bites you but does no damage.
The troll claws you but does no damage. x2
The gargoyle hits you with a +0 mace. The troll bites you but does no damage.
The troll claws you but does no damage. x2
The gargoyle hurls a stone arrow at you.
The stone arrow hits you but does no damage.
The troll barely misses you.
The troll claws you but does no damage. x2
The gargoyle hits you but does no damage.
The troll bites you!
The troll claws you but does no damage. x2
The gargoyle hits you with a +0 mace. The troll bites you but does no damage.
The troll claws you. x2
The gargoyle hurls a stone arrow at you.
The stone arrow hits you!!
You turn to flesh and can move again.
You hit the troll.
The troll is lightly wounded.
The troll bites you but does no damage. You block the troll's attack.
The troll closely misses you.
The gargoyle hits you but does no damage.
You hit the troll.
The troll is moderately wounded.
The troll bites you. You block the troll's attack.
The troll claws you but does no damage. The gargoyle hits you with a +0 mace!
You closely miss the troll.
The troll is lightly wounded.
The troll bites you but does no damage. The troll claws you but does no damage.
The troll closely misses you.
The gargoyle hurls a stone arrow at you.
The stone arrow hits you!
* * * LOW HITPOINT WARNING * * *
The gargoyle attacks as you move away!
The gargoyle hits you but does no damage.
The gargoyle attacks as you move away! The gargoyle barely misses you.
The gargoyle attacks as you move away! The gargoyle closely misses you.
The gargoyle hurls a stone arrow at you.
The stone arrow hits you!!
You feel threatened and lose the ability to read scrolls!
You die...
Your body glows with a rainbow of weird colours and disappears.

##.#.## #.# ##
##.#.##
#.#.#.## #.#.##
#.l.#.## #.##
#!$!$##.#.#
#.#.##
...#.##.#l#
##.#.## #
#.##.#.##
##.#.##
#.##.#9##
##.#.##l##.#.##
##.#.###.#@##
##.#.#.#.##
##.#.#.##
##.#.## ##.## ∆
##


You could see a basilisk and a gargoyle.

Vanquished Creatures
  2 two-headed ogres
  Joseph (D:8)
  Prince Ribbit (D:6)
  A shadow (D:9)
  A wraith (D:10)
  3 vampire mosquitoes (D:10)
  Grum (D:11)
  2 steam dragons
  An acid dragon (D:10)
  2 water moccasins
  4 orc warriors
  2 sky beasts (D:7)
  A black bear (D:5)
  6 ogres
  4 wolves (D:11)
  2 centaurs
  A lemure (D:5)
  4 kobold brigands
  2 necrophages
  3 scorpions
  Blork the orc (D:6)
  3 bullfrogs
  4 wights (D:8)
  6 killer bees
  2 howler monkeys
  3 orc priests
  4 hounds
  A jelly (D:6)
  A gnoll bouda (D:8)
  4 iguanas
  5 orc wizards
  9 gnolls
  7 adders
  2 river rats (Sewer)
  2 white imps
  An ufetubus (D:6)
  7 worms
  30 orcs
  3 bats
  17 endoplasms
  2 giant cockroaches
  12 goblins
  5 hobgoblins
  2 jackals (D:1)
  15 kobolds
  4 quokkas
  7 ball pythons
  4 frilled lizards
  9 rats
216 creatures vanquished.

Vanquished Creatures (others)
  3 plants (D:3)
3 creatures vanquished.

Grand Total: 219 creatures vanquished

Notes
Turn   | Place    | Note
-------+----------+-------------------------------------------
     0 | D:1      | ERVERSIR the Gnoll Wanderer began the quest for the Orb.
     0 | D:1      | ERVERSIR set off with the following items: a +2 dagger, a
                  | potion of haste, a +0 mace, a +0 buckler, a scroll of fog,
                  | a +0 leather armour.
     0 | D:1      | Reached XP level 1. HP: 17/17 MP: 1/1
    98 | D:1      | Reached XP level 2. HP: 12/23 MP: 2/2
   308 | D:1      | Found a faded altar of an unknown god.
   543 | D:1      | Reached XP level 3. HP: 28/28 MP: 3/3
   736 | D:1      | Reached skill level 6 in Stealth
   835 | D:2      | Reached skill level 1 in Invocations
   947 | D:2      | Found a glowing silver altar of Zin.
  1001 | D:2      | Reached skill level 1 in Short Blades
  1001 | D:2      | Reached skill level 1 in Long Blades
  1001 | D:2      | Reached skill level 1 in Axes
  1001 | D:2      | Reached skill level 1 in Polearms
  1001 | D:2      | Reached skill level 1 in Staves
  1001 | D:2      | Reached skill level 1 in Ranged Weapons
  1001 | D:2      | Reached skill level 1 in Throwing
  1001 | D:2      | Reached skill level 1 in Dodging
  1001 | D:2      | Reached skill level 1 in Unarmed Combat
  1001 | D:2      | Reached skill level 1 in Spellcasting
  1232 | D:2      | Identified the +0 chain mail of Xeumy {rF+ Str+2}
  1237 | D:2      | Reached XP level 4. HP: 34/34 MP: 5/5
  1264 | D:2      | Identified the +7 dagger of the Chickpea {vorpal, rN+ Str+3
                  | SInv}
  1462 | D:3      | Found a radiant altar of Vehumet.
  1471 | D:3      | Found a sparkling altar of Nemelex Xobeh.
  1475 | D:3      | Became a worshipper of Nemelex Xobeh the Trickster
  1513 | D:3      | Found a glowing drain.
  1602 | D:3      | Reached skill level 1 in Conjurations
  1602 | D:3      | Reached skill level 1 in Hexes
  1602 | D:3      | Reached skill level 1 in Summonings
  1602 | D:3      | Reached skill level 1 in Necromancy
  1602 | D:3      | Reached skill level 1 in Translocations
  1602 | D:3      | Reached skill level 1 in Transmutations
  1602 | D:3      | Reached skill level 1 in Fire Magic
  1602 | D:3      | Reached skill level 1 in Ice Magic
  1602 | D:3      | Reached skill level 1 in Air Magic
  1602 | D:3      | Reached skill level 1 in Earth Magic
  1602 | D:3      | Reached skill level 1 in Poison Magic
  2002 | Sewer    | Entered a sewer
  2064 | Sewer    | Reached XP level 5. HP: 36/40 MP: 5/7
  2074 | Sewer    | Noticed a kobold brigand
  2090 | Sewer    | Killed a kobold brigand
  2143 | Sewer    | Noticed a kobold brigand
  2169 | Sewer    | Killed a kobold brigand
  2170 | Sewer    | Reached skill level 5 in Maces & Flails
  2170 | Sewer    | Reached skill level 5 in Shields
  2170 | Sewer    | Reached XP level 6. HP: 13/47 MP: 8/8
  2628 | Sewer    | Gained mutation: Your spells are a little easier to cast,
                  | but a little less powerful. [potion of mutation]
  2628 | Sewer    | Gained mutation: You are clumsy. (Dex -2) [potion of
                  | mutation]
  2942 | D:4      | Lost mutation: Your spells are a little easier to cast, but
                  | a little less powerful. [potion of mutation]
  2942 | D:4      | Lost mutation: You are clumsy. (Dex -2) [potion of
                  | mutation]
  2942 | D:4      | Gained mutation: You have large cloven feet. [potion of
                  | mutation]
  2942 | D:4      | Gained mutation: You occasionally lose the ability to read
                  | scrolls when taking damage. [potion of mutation]
  2942 | D:4      | Gained mutation: You are partially covered in iridescent
                  | scales. (AC +2) [potion of mutation]
  3062 | D:4      | Reached * piety under Nemelex Xobeh
  3088 | D:4      | Reached XP level 7. HP: 48/52 MP: 10/10
  3288 | D:5      | Entered Level 5 of the Dungeon
  3317 | D:5      | Received a gift from Nemelex Xobeh
  3443 | D:5      | Reached XP level 8. HP: 36/60 MP: 12/12
  3490 | D:5      | Noticed Grinder
  3490 | D:5      | Paralysed by Grinder for 5 turns
  3496 | D:5      | Grinder changed into Grinder the lemure
  3496 | D:5      | Noticed Grinder
  3503 | D:5      | Killed Grinder the lemure
  3547 | D:5      | Found a blossoming altar of Fedhas.
  3618 | D:5      | Found a snail-covered altar of Cheibriados.
  3711 | D:5      | Found a staircase to the Ecumenical Temple.
  3717 | Temple   | Entered the Ecumenical Temple
  3963 | D:6      | Reached skill level 7 in Stealth
  3990 | D:6      | Found a sacrificial altar of Ru.
  4018 | D:6      | Reached ** piety under Nemelex Xobeh
  4158 | D:6      | Received a gift from Nemelex Xobeh
  4438 | D:6      | Noticed Prince Ribbit
  4461 | D:6      | Killed Prince Ribbit
  4462 | D:6      | Reached XP level 9. HP: 48/67 MP: 13/15
  4522 | D:6      | Noticed Blork the orc
  4533 | D:6      | Killed Blork the orc
  4633 | D:6      | Reached skill level 5 in Fighting
  4633 | D:6      | Reached skill level 5 in Armour
  4633 | D:6      | Reached skill level 5 in Evocations
  4722 | D:7      | Found Jomerphoomi's Assorted Antiques.
  4797 | D:7      | Received a gift from Nemelex Xobeh
  4857 | D:7      | Noticed a moth of wrath
  4863 | D:7      | Noticed Ijustatesigmund's ghost (novice HOFE)
  4874 | D:7      | Found a bloodstained altar of Trog.
  4882 | D:7      | Found a transporter.
  4887 | D:7      | Found a transporter.
  4908 | D:7      | Reached skill level 5 in Invocations
  5323 | D:7      | Reached *** piety under Nemelex Xobeh
  5508 | D:7      | Bought a glowing green potion for 23 gold pieces
  5510 | D:7      | Learned a level 1 spell: Magic Dart
  5542 | D:8      | Noticed Joseph
  5545 | D:8      | Received a gift from Nemelex Xobeh
  5586 | D:8      | Killed Joseph
  5587 | D:8      | Reached skill level 5 in Short Blades
  5587 | D:8      | Reached skill level 5 in Long Blades
  5587 | D:8      | Reached skill level 5 in Axes
  5587 | D:8      | Reached skill level 5 in Polearms
  5587 | D:8      | Reached skill level 5 in Staves
  5587 | D:8      | Reached skill level 5 in Ranged Weapons
  5587 | D:8      | Reached skill level 5 in Throwing
  5587 | D:8      | Reached skill level 5 in Dodging
  5587 | D:8      | Reached skill level 5 in Unarmed Combat
  5587 | D:8      | Reached skill level 5 in Spellcasting
  5587 | D:8      | Reached XP level 10. HP: 33/76 MP: 3/17
  5617 | D:8      | Reached skill level 8 in Stealth
  5761 | D:8      | Found a glowing golden altar of the Shining One.
  5761 | D:8      | Found a burning altar of Makhleb.
  5769 | D:8      | Found a hide-covered altar of Uskayaw.
  5775 | D:8      | Found a basalt altar of Yredelemnul.
  5777 | D:8      | Found a faded altar of an unknown god.
  6048 | D:8      | Found a shadowy altar of Dithmenos.
  6531 | D:9      | Received a gift from Nemelex Xobeh
  6543 | D:9      | Noticed a two-headed ogre
  6564 | D:9      | Killed a two-headed ogre
  6755 | D:9      | Received a gift from Nemelex Xobeh
  6949 | D:9      | You fall into a shaft and drop 1 floor!
  6949 | D:10     | Entered Level 10 of the Dungeon
  6955 | D:10     | Noticed a sixfirhy
  6956 | D:10     | Found a runed translucent door.
  6974 | D:10     | Noticed a two-headed ogre
  6991 | D:10     | Killed a two-headed ogre
  7391 | D:10     | Reached skill level 5 in Conjurations
  7391 | D:10     | Reached skill level 5 in Hexes
  7391 | D:10     | Reached skill level 5 in Summonings
  7391 | D:10     | Reached skill level 5 in Necromancy
  7391 | D:10     | Reached skill level 5 in Translocations
  7391 | D:10     | Reached skill level 5 in Transmutations
  7391 | D:10     | Reached skill level 5 in Fire Magic
  7391 | D:10     | Reached skill level 5 in Ice Magic
  7391 | D:10     | Reached skill level 5 in Air Magic
  7391 | D:10     | Reached skill level 5 in Earth Magic
  7391 | D:10     | Reached skill level 5 in Poison Magic
  7391 | D:10     | Reached XP level 11. HP: 75/83 MP: 18/20
  7475 | D:10     | Reached **** piety under Nemelex Xobeh
  7637 | D:10     | Received a gift from Nemelex Xobeh
  7652 | D:11     | Noticed Grum
  7671 | D:11     | Killed Grum
  7771 | D:11     | Killed from afar by a gargoyle

Illustrated notes

Levels and vault maps discovered:
D:1:      dpeg_arrival_arbitrary_c, layout_loops_ring,
          ebering_ecumenical_altar_sacrificial
D:2:      layout_loops_ring, basic_altar
D:3:      minmay_chambers_of_threes, layout_basic,
          mainiacjoe_overflow_big_doors, cheibrodos_sewer_entry_bend,
          nrook_campfire, uniq_natasha
D:4:      layout_loops_ring
D:5:      layout_rooms, fedhas_bush_and_centaur_altar,
          mainiacjoe_overflow_alcove_1, minmay_temple_entry_fiery, uniq_grinder
D:6:      layout_basic, lemuel_doored_altar, uniq_blork_the_orc,
          uniq_prince_ribbit1, uniq_maggie
D:7:      layout_loops_ring, serial_shops, nicolae_stop_n_shop_1,
          gammafunk_ghost_wrathful_warriors
D:8:      layout_loops_cross, grunt_dithmenos_smoke_and_mirrors,
          chequers_temple_overflow_minitemple, uniq_joseph
D:9:      layout_irregular_city
D:10:     cheibrodos_shockbox, layout_irregular_city
D:11:     minmay_inner_zag, layout_basic, david_lair_generic,
          minmay_orc_entry_temple_small, uniq_sonja, uniq_fannar, uniq_grum,
          uniq_josephine
Temple:   chequers_temple_sunken

Skill      XL: |  1  2  3  4  5  6  7  8  9 10 |
---------------+-------------------------------+-----
Stealth        | 6 7 8 |  8.7
Invocations    | 1 2 3 4 5 6 |  6.7
Short Blades   | 1 2 3 4 5 6 |  6.1
Long Blades    | 1 2 3 4 5 6 |  6.1
Axes           | 1 2 3 4 5 6 |  6.1
Polearms       | 1 2 3 4 5 6 |  6.1
Staves         | 1 2 3 4 5 6 |  6.1
Ranged Weapons | 1 2 3 4 5 6 |  6.1
Throwing       | 1 2 3 4 5 6 |  6.1
Dodging        | 1 2 3 4 5 6 |  6.1
Unarmed Combat | 1 2 3 4 5 6 |  6.1
Spellcasting   | 1 2 3 4 5 6 |  6.1
Conjurations   | 1 2 3 4 5 |  5.1
Hexes          | 1 2 3 4 5 |  5.1
Summonings     | 1 2 3 4 5 |  5.1
Necromancy     | 1 2 3 4 5 |  5.1
Translocations | 1 2 3 4 5 |  5.1
Transmutations | 1 2 3 4 5 |  5.1
Fire Magic     | 1 2 3 4 5 |  5.1
Ice Magic      | 1 2 3 4 5 |  5.1
Air Magic      | 1 2 3 4 5 |  5.1
Earth Magic    | 1 2 3 4 5 |  5.1
Poison Magic   | 1 2 3 4 5 |  5.1
Fighting       | 3 4 5 6 |  6.7
Armour         | 3 4 5 6 |  6.7
Evocations     | 3 4 5 6 |  6.7
Maces & Flails | 5 6 7 |  7.7
Shields        | 5 6 7 |  7.7

Action                   |  1- 3 |  4- 6 |  7- 9 | 10-12 || total
-------------------------+-------+-------+-------+-------++-------
Melee: Mace              |   112 |       |       |       ||   112
       Bite              |     8 |    20 |    41 |    42 ||   111
       Dagger            |       |   173 |   327 |    82 ||   582
       Kick              |       |     2 |     7 |       ||     9
       Scimitar          |       |       |       |   122 ||   122
       Hand axe          |       |       |       |    53 ||    53
Throw: Stone             |     2 |       |       |       ||     2
       Dart              |       |     3 |    53 |     7 ||    63
 Cast: Magic Dart        |       |       |     1 |    11 ||    12
Invok: Draw Destruction  |       |       |     1 |       ||     1
       Triple Draw       |       |       |       |     1 ||     1
Evoke: Wand              |       |       |       |     2 ||     2
  Use: Scroll            |       |     9 |     3 |     2 ||    14
       Potion            |       |     7 |     5 |     5 ||    17
 Stab: Sleeping          |     5 |       |       |       ||     5
       Invisible         |       |       |     1 |       ||     1
Armor: Ring mail         |    47 |       |       |       ||    47
       Chain mail        |       |    50 |   110 |   199 ||   359
Dodge: Dodged            |    41 |    35 |    94 |   136 ||   306
Block: Buckler           |    21 |    28 |    88 |   121 ||   258

Table legend: (Time is in decaauts)
 A = Elapsed time spent in this place.
 B = Non-inter-level travel time spent in this place.
 C = Inter-level travel time spent in this place.
 D = Time resting spent in this place.
 E = Time spent auto-exploring this place.
 F = Levels seen in this place.
 G = Mean time per level.
                   A        B        C        D        E       F      G
               +--------+--------+--------+--------+--------+-----+--------+
         Total |   7806 |   2956 |   4850 |      0 |      0 |  13 |  600.5 |
       Dungeon |   7033 |   2233 |   4800 |      0 |      0 |  11 |  639.4 |
        Temple |     59 |      9 |     50 |      0 |      0 |   1 |   59.0 |
         Sewer |    713 |    713 |      0 |      0 |      0 |   1 |  713.0 |
               +--------+--------+--------+--------+--------+-----+--------+

Top non-repeatable levels by time:
     D:8: 888 daAuts
     D:6: 809 daAuts
     D:1: 787 daAuts
     D:7: 772 daAuts
     D:3: 759 daAuts
   Sewer: 713 daAuts
    D:10: 706 daAuts
     D:4: 590 daAuts
     D:2: 537 daAuts
     D:9: 526 daAuts
     D:5: 525 daAuts
    D:11: 129 daAuts
  Temple: 59 daAuts
